 Dungeon Crawl Stone Soup version 0.24-a0-809-g71cb82dfb8 (webtiles) character file.

Game seed: 849260367520005657, levelgen mode: deterministic

30 Arixos the Skirmisher (level 3, -7/29 HPs)
             Began as a Mummy Monk on Oct 11, 2019.
             Killed from afar by Ijyb (8 damage)
             ... with a burst of metal fragments
             ... on level 3 of the Dungeon.
             The game lasted 00:07:48 (1532 turns).

Arixos the Skirmisher (Mummy Monk)                  Turns: 1532, Time: 00:07:48

Health: -7/29      AC:  2    Str: 15    XL:     3   Next: 3%
Magic:  0/3        EV: 11    Int:  9    God:
Gold:   147        SH:  0    Dex: 14    Spells: 2/2 levels left

rFire    x . .     SeeInvis .   a - +1 spear
rCold    + . .     Gourm    .   (no shield)
rNeg     + + +     Faith    .   c - +0 ring mail (curse)
rPois    ∞         Spirit   +   k - +1 helmet
rElec    .         Reflect  .   e - scarf {Spirit}
rCorr    .         Harm     .   (no gloves)
MR       +....                  (no boots)
Stlth    +.........             (no amulet)
HPRegen  0.09/turn              f - -5 ring of protection (curse)
MPRegen  0.08/turn              l - ring of protection from magic

@: no status effects
A: no food or potions, fire vulnerability, cold resistance 1, negative energy
resistance 3, torment resistance, unbreathing
a: no special abilities


You were on level 3 of the Dungeon.
You were not hungry.

You visited 1 branch of the dungeon, and saw 3 of its levels.

You collected 147 gold pieces.

Inventory:

Hand Weapons
 a - a +1 spear (weapon)
Missiles
 b - 14 poisoned darts (quivered)
 h - 4 javelins
Armour
 c - a cursed +0 ring mail (worn)
 e - a scarf of spirit shield (worn)
 k - a +1 helmet (worn)
Jewellery
 f - a cursed -5 ring of protection (left hand)
 l - a ring of protection from magic (right hand)
Wands
 j - a wand of clouds (5)
Scrolls
 d - a scroll of immolation
 g - 3 scrolls of blinking
 i - 3 scrolls of identify


   Skills:
 + Level 3.6 Fighting
 - Level 2.4 Polearms
 + Level 0.3 Throwing
 + Level 1.3 Armour
 - Level 2.4 Dodging
 - Level 1.5 Stealth


You had 2 spell levels left.
You didn't know any spells.
Your spell library was empty.

Dungeon Overview and Level Annotations

Branches:
Dungeon (3/15)

Altars:
Fedhas
Qazlal
Vehumet

Annotations:
D:3 Ijyb


Innate Abilities, Weirdness & Mutations

You do not eat or drink.
Your flesh is vulnerable to fire.
You are immune to poison.
Your flesh is cold resistant. (rC+)
You are immune to negative energy. (rN+++)
You are immune to unholy pain and torment.
You can survive without breathing.


Message History

You hit Ijyb.
Ijyb is heavily wounded.
Ijyb barely misses you.
You barely miss Ijyb.
Ijyb is heavily wounded.
Ijyb hits you.
* * * LOW HITPOINT WARNING * * *
You closely miss Ijyb.
Ijyb is heavily wounded.
Ijyb barely misses you.
You closely miss Ijyb.
Ijyb is heavily wounded.
Ijyb hits you.
* * * LOW HITPOINT WARNING * * *
You closely miss Ijyb.
Ijyb is heavily wounded.
Ijyb zaps a wand.
The burst of metal fragments misses you.
The burst of metal fragments hits you!
You die...

#.........)....##
##.##>#
#...#.#########.###.##
# #. ##..#..# #
########..).#.#
....>.......#.#
########...##.#
##.###..
########.###...
......g@........
....####.####.#. . #.#
#.. ###. .# . ##


You could see Ijyb.

Vanquished Creatures
  A dart slug (D:1)
  A leopard gecko (D:1)
  4 bats
  2 giant cockroaches (D:1)
  2 goblins
  4 hobgoblins
  5 kobolds
  5 frilled lizards
  3 rats (D:2)
27 creatures vanquished.

Notes
Turn   | Place    | Note
-------+----------+-------------------------------------------
     0 | D:1      | Arixos the Mummy Monk began the quest for the Orb.
     0 | D:1      | Reached XP level 1. HP: 18/18 MP: 1/1
   478 | D:1      | Reached XP level 2. HP: 20/24 MP: 2/2
   562 | D:1      | Reached skill level 1 in Armour
  1176 | D:2      | Found a radiant altar of Vehumet.
  1320 | D:2      | Found a stormy altar of Qazlal.
  1327 | D:2      | Found a blossoming altar of Fedhas.
  1337 | D:2      | Reached XP level 3. HP: 27/29 MP: 3/3
  1514 | D:3      | Noticed Ijyb
  1531 | D:3      | HP: 1/29 [Ijyb (1)]
  1532 | D:3      | Killed from afar by Ijyb

Levels and vault maps discovered:
D:1:      saegor_arrival_simple_a, layout_loops_corners
D:2:      layout_rooms, grunt_temple_overflow_forces_of_nature,
          vehumet_crystals, first_ration
D:3:      layout_loops_ring, nicolae_ru_sacrificial_ziggurat, uniq_sigmund,
          uniq_ijyb

Skill      XL: |  1  2 |
---------------+-------+-----
Armour         | 1 |  1.3
Fighting       | |  3.6
Polearms       | |  2.4
Throwing       | |  0.3
Dodging        | |  2.4
Stealth        | |  1.5

Action                   || total
-------------------------++-------
Melee: Spear             ||   119
  Use: Scroll            ||     5
 Stab: Sleeping          ||     3
Armor: Ring mail         ||    23
Dodge: Dodged            ||    57

Table legend:
 A = Non-vault XP
 B = Vault XP
 C = Vault XP percentage of total XP
 D = Non-vault monster count
 E = Vault monster count
 F = Vault count percentage of total count
                 A         B        C        D         E       F
            +---------+---------+-------+---------+---------+-------
      Total |      43 |       0 |   0.0 |      27 |       0 |   0.0
            +---------+---------+-------+---------+---------+-------
        D:1 |      27 |       0 |   0.0 |      14 |       0 |   0.0
        D:2 |      15 |       0 |   0.0 |      12 |       0 |   0.0
        D:3 |       1 |       0 |   0.0 |       1 |       0 |   0.0
            +---------+---------+-------+---------+---------+-------
